 Dungeon Crawl Stone Soup version 0.25.1-2-g60ff931df9 (webtiles) character file.

Game seed: 1183889992155256586

10697 DogServant the Severer (level 11, 0/95 HPs)
             Began as a Hill Orc Fighter on Nov 10, 2020.
             Was a Follower of Uskayaw.
             Killed by divine providence
             ... invoked by an orc priest
              (7 damage)
             ... on level 1 of the Orcish Mines.
             The game lasted 00:17:06 (12574 turns).

DogServant the Severer (Hill Orc Fighter)          Turns: 12574, Time: 00:17:07

Health: 0/95       AC: 16    Str: 23    XL:     11   Next: 66%
Magic:  16/16      EV:  9    Int:  8    God:    Uskayaw [*.....]
Gold:   716        SH:  0    Dex: 10    Spells: 10/10 levels left

rFire    . . .     SeeInvis .   i - +2 battleaxe (pain)
rCold    . . .     Gourm    .   (shield currently unavailable)
rNeg     . . .     Faith    .   l - +0 plate armour
rPois    +         Spirit   .   p - +1 hat
rElec    .         Reflect  .   M - +1 cloak
rCorr    .         Harm     .   (no gloves)
MR       +....     Clarity  +   (no boots)
Stlth    ..........             (no amulet)
HPRegen  0.25/turn              z - ring of protection from magic
MPRegen  0.15/turn              a - ring of poison resistance

@: no status effects
A: clarity, evolution 1, MP-powered wands
a: Stomp, Renounce Religion, Convert to Beogh


You were on level 1 of the Orcish Mines.
You worshipped Uskayaw.
Uskayaw was noncommittal.
You were hungry.

You visited 3 branches of the dungeon, and saw 13 of its levels.

You collected 1100 gold pieces.
You spent 384 gold pieces at shops.

Inventory:

Hand Weapons
 e - the +5 hand axe "Beast's Funeral" {venom, Int+4}
   (You found it on level 9 of the Dungeon)

   It poisons the flesh of those it strikes.
   It affects your intelligence (+4).
 i - a +2 battleaxe of pain (weapon)
Armour
 b - a +0 scale mail
 l - a +0 plate armour (worn)
 p - a +1 hat (worn)
 M - a +1 cloak (worn)
Jewellery
 a - a ring of poison resistance (right hand)
 v - an uncursed ring of wizardry
 z - a ring of protection from magic (left hand)
Wands
 c - a wand of paralysis (8)
 A - a wand of iceblast (6)
 D - a wand of enslavement (2)
 K - a wand of digging (5)
 L - a wand of flame (1)
Scrolls
 d - a scroll of enchant weapon
 m - a scroll of random uselessness {unknown}
 o - 5 scrolls of remove curse
 q - 5 scrolls of teleportation
 s - a scroll of magic mapping
 H - a scroll of enchant armour {unknown}
Potions
 g - a potion of stabbing
 j - 2 potions of berserk rage
 k - 6 potions of curing
 n - 2 potions of flight
 r - 2 potions of cancellation
 B - 2 potions of invisibility
 E - a potion of haste
 F - 3 potions of ambrosia
 I - a potion of resistance
 J - 3 potions of might
Comestibles
 f - 19 rations


   Skills:
 + Level 8.8 Fighting
 - Level 15.7 Axes
 - Level 7.0 Armour
 + Level 6.4 Dodging
   Level 3.2 Shields
 + Level 7.4 Invocations


You had 10 spell levels left.
You didn't know any spells.
Your spell library contained the following spells:

 Spells                   Type           Power        Failure   Level  Hunger
 Sandblast                Erth           #.....       100%        1    ##.....
 Passwall                 Tmut/Erth      #.......     100%        2    ###....
 Stone Arrow              Conj/Erth      #.....       100%        3    ####...
 Petrify                  Tmut/Erth      #.......     100%        4    #####..
 Lee's Rapid Deconstruct  Erth           #.........   100%        5    ######.


Dungeon Overview and Level Annotations

Branches:
Dungeon (11/15)            Temple (1/1) D:5             Orc (1/2) D:10
   Lair: D:8-11

Altars:
Ashenzari
Cheibriados
Dithmenos
Elyvilon
Fedhas
Gozag
Hepliaklqana
Kikubaaqudgha
Makhleb
Nemelex Xobeh
Okawaru
Qazlal
Ru
Sif Muna
Trog
Uskayaw
Vehumet
Wu Jian
Xom
Yredelemnul
Zin
The Shining One
Beogh

Shops:
D:4 [   D:7 =   D:10 !(?


Innate Abilities, Weirdness & Mutations

You possess an exceptional clarity of mind.
You evolve.
You expend magic power (3 MP) to strengthen your wands.


Message History

* * * LOW HITPOINT WARNING * * *
Unknown command.
Okay, then.
As you read the scroll of fear, it crumbles to dust.
You assume a fearsome visage.
The orc knight looks frightened!
The orc warrior looks frightened!
The ogre looks frightened!
The orc warrior is no longer sharing its pain.
Okay, then.
The ogre is no longer sharing its pain.
The ogre begs for mercy.
You can no longer pass through a line of other dancers.
An orc priest comes into view. It is wielding a +0 club.
Things that are here:
a +0 robe; a +0 dagger The orc priest shouts!
Things that are here:
a +0 leather armour; a +0 short sword The orc priest calls down the wrath of Beogh upon you.
Beogh smites you!
You die...

.##. ##..........## ##
.......... #............# ..#
.........# ##.......##.####.#
..#......###.........#.#.#..##
..#.......#.#....)...........#
............................##
.............................#
..............#..)..............
..........[[....@#).[..##.......
........>.).[>....##[)####.##.##
#..............o.###[)..#### #
..................###[[..#
.................###[..)##
#.................#..[.#[##
#................#.....[).##
##...................#.[<..##
###.#..............##.[....#


You could see an orc priest.

Vanquished Creatures
  An orc high priest (Orc:1)
  A skeletal warrior (D:10)
  An orc knight (D:10)
  2 orc sorcerers (Orc:1)
  A gargoyle (D:7)
  A troll (Orc:1)
  3 hippogriffs
  8 yaks (D:10)
  Eustachio (D:5)
  Grum (D:9)
  2 hungry ghosts
  2 wargs (Orc:1)
  A swamp drake (D:10)
  A sky beast (D:5)
  2 ice beasts
  9 ogres
  10 orc warriors
  A black bear (D:10)
  A phantom (D:7)
  4 wolves (D:9)
  6 centaurs
  5 bullfrogs
  A wyvern zombie (D:6)
  Dowan (D:4)
  A scorpion (D:5)
  A howler monkey (D:5)
  2 crimson imps
  A centaur zombie (D:6)
  9 orc priests
  16 orc wizards
  4 hounds
  3 jellies
  2 bullfrog skeletons (D:8)
  3 iguanas
  7 worker ants
  Ijyb (D:5)
  A hound zombie (D:7)
  Robin (D:3)
  A worker ant zombie (D:8)
  2 howler monkey skeletons
  13 adders
  3 shadow imps
  An adder zombie (D:9)
  2 adder skeletons
  4 worms
  8 leopard geckos
  59 orcs
  4 giant cockroaches
  13 goblins
  8 hobgoblins
  8 jackals
  3 quokkas
  6 bats
  3 frilled lizards
  A jackal skeleton (D:5)
  8 kobolds
  13 rats
278 creatures vanquished.

Vanquished Creatures (others)
  Duvessa (D:4)
  An orc (D:4)
  3 fungi (D:6)
5 creatures vanquished.

Grand Total: 283 creatures vanquished

Notes
Turn   | Place    | Note
-------+----------+-------------------------------------------
     0 | D:1      | DogServant the Hill Orc Fighter began the quest for the
                  | Orb.
     0 | D:1      | Reached XP level 1. HP: 19/19 MP: 1/1
    32 | D:1      | Reached skill level 3 in Axes
    93 | D:1      | Reached XP level 2. HP: 26/26 MP: 2/2
   215 | D:1      | Reached skill level 4 in Axes
   714 | D:2      | Reached XP level 3. HP: 14/31 MP: 3/3
  1130 | D:2      | Reached skill level 5 in Axes
  1130 | D:2      | Reached XP level 4. HP: 23/39 MP: 4/4
  1609 | D:2      | Found a stormy altar of Qazlal.
  1611 | D:2      | Noticed a water elemental
  1612 | D:2      | Noticed an earth elemental
  1612 | D:2      | Noticed an air elemental
  1612 | D:2      | Noticed a fire elemental
  2038 | D:3      | Reached skill level 6 in Axes
  2075 | D:3      | Reached XP level 5. HP: 39/45 MP: 5/5
  2602 | D:3      | Noticed Robin
  2622 | D:3      | Killed Robin
  2949 | D:3      | Reached skill level 7 in Axes
  2963 | D:3      | Reached XP level 6. HP: 34/51 MP: 6/6
  3239 | D:4      | Found Pubib's Armour Shoppe.
  3300 | D:4      | Reached skill level 8 in Axes
  3307 | D:4      | Noticed Duvessa
  3308 | D:4      | Noticed Dowan
  3319 | D:4      | Killed Duvessa
  3328 | D:4      | Reached skill level 9 in Axes
  3329 | D:4      | Killed Dowan
  3329 | D:4      | Reached XP level 7. HP: 9/57 MP: 7/7
  3970 | D:5      | Entered Level 5 of the Dungeon
  3970 | D:5      | Noticed Eustachio
  4060 | D:5      | Reached skill level 10 in Axes
  4261 | D:5      | Reached skill level 11 in Axes
  4263 | D:5      | Reached XP level 8. HP: 12/64 MP: 8/8
  4266 | D:5      | HP: 2/64 [something/puff of frost (11)]
  4544 | D:5      | Killed Eustachio
  4544 | D:5      | Reached skill level 12 in Axes
  4923 | D:5      | Found a staircase to the Ecumenical Temple.
  4923 | D:5      | Noticed Ijyb
  4929 | D:5      | Killed Ijyb
  4935 | Temple   | Entered the Ecumenical Temple
  5000 | Temple   | Became a worshipper of Uskayaw the Reveler
  5210 | D:6      | Reached * piety under Uskayaw
  5215 | D:6      | Reached ** piety under Uskayaw
  5221 | D:6      | Reached *** piety under Uskayaw
  5421 | D:6      | Reached skill level 13 in Axes
  5770 | D:6      | Found a radiant altar of Vehumet.
  5771 | D:6      | Found a burning altar of Makhleb.
  6068 | D:7      | Found a sparkling altar of Nemelex Xobeh.
  6073 | D:7      | Noticed a gargoyle
  6082 | D:7      | Killed a gargoyle
  6082 | D:7      | Reached skill level 14 in Axes
  6082 | D:7      | Reached XP level 9. HP: 52/70 MP: 9/9
  6329 | D:7      | Found Kili's Jewellery Boutique.
  6450 | D:7      | Found a shattered altar of Ashenzari.
  6737 | D:7      | Reached skill level 15 in Axes
  7182 | D:7      | Reached **** piety under Uskayaw
  7705 | D:7      | Found a stormy altar of Qazlal.
  7706 | D:7      | Found an opulent altar of Gozag.
  7708 | D:7      | Found a shimmering blue altar of Sif Muna.
  7710 | D:7      | Found a bloodstained altar of Trog.
  7931 | D:8      | Reached skill level 1 in Dodging
  7935 | D:8      | Reached ***** piety under Uskayaw
  7936 | D:8      | Reached skill level 5 in Armour
  8212 | D:8      | Reached XP level 10. HP: 67/78 MP: 10/10
  9387 | D:9      | Found a glowing golden altar of the Shining One.
  9441 | D:9      | Noticed Grum
  9460 | D:9      | Reached ****** piety under Uskayaw
  9461 | D:9      | Killed Grum
  9737 | D:9      | Reached skill level 5 in Fighting
  9743 | D:9      | Got an ancient hand axe
  9744 | D:9      | Identified the +5 hand axe "Beast's Funeral" {venom, Int+4}
                  | (You found it on level 9 of the Dungeon)
  9909 | D:10     | Entered Level 10 of the Dungeon
  9960 | D:10     | Found Cuybarue's Distillery.
 10040 | D:10     | Bought a potion of mutation for 128 gold pieces
 10040 | D:10     | Bought 2 potions of might for 128 gold pieces
 10040 | D:10     | Bought a potion of mutation for 128 gold pieces
 10231 | D:10     | Reached skill level 1 in Invocations
 10358 | D:10     | Found Siwuico's Magic Scroll Emporium.
 10362 | D:10     | Gained mutation: Scrolls take you a little longer to read.
                  | [potion of mutation]
 10362 | D:10     | Gained mutation: You are weak. (Str -2) [potion of
                  | mutation]
 10362 | D:10     | Gained mutation: You passively map a small area around you.
                  | [potion of mutation]
 10363 | D:10     | Lost mutation: Scrolls take you a little longer to read.
                  | [potion of mutation]
 10363 | D:10     | Lost mutation: You are weak. (Str -2) [potion of mutation]
 10363 | D:10     | Lost mutation: You passively map a small area around you.
                  | [potion of mutation]
 10363 | D:10     | Gained mutation: You are clumsy. (Dex -2) [potion of
                  | mutation]
 10363 | D:10     | Gained mutation: You expend magic power (3 MP) to
                  | strengthen your wands. [potion of mutation]
 10363 | D:10     | Gained mutation: You evolve. [potion of mutation]
 10363 | D:10     | Gained mutation: You possess an exceptional clarity of
                  | mind. [potion of mutation]
 10407 | D:10     | Found Oriwecui's Weapon Boutique.
 10490 | D:10     | Found a staircase to the Orcish Mines.
 10492 | D:10     | Reached skill level 5 in Dodging
 10492 | D:10     | Reached XP level 11. HP: 23/91 MP: 12/14
 10761 | D:9      | Lost mutation: You are clumsy. (Dex -2) [evolution]
 11261 | D:11     | Noticed a skeletal warrior
 11261 | D:11     | Noticed a skeletal warrior
 11262 | D:11     | Noticed a skeletal warrior
 11299 | D:10     | Killed a skeletal warrior
 11299 | D:10     | Reached skill level 5 in Invocations
 11637 | Orc:1    | Entered Level 1 of the Orcish Mines
 11653 | Orc:1    | Noticed an orc high priest
 11663 | Orc:1    | Killed an orc high priest
 11688 | Orc:1    | Noticed an orc sorcerer
 11902 | Orc:1    | Paralysed by an orc sorcerer for 5 turns
 12078 | Orc:1    | Killed an orc sorcerer
 12102 | Orc:1    | Noticed an orc knight
 12123 | D:10     | Killed an orc knight
 12441 | Orc:1    | Noticed an orc sorcerer
 12459 | Orc:1    | Killed an orc sorcerer
 12484 | Orc:1    | Found a roughly hewn altar of Beogh.
 12541 | Orc:1    | Noticed an orc knight
 12554 | Orc:1    | HP: 2/95 [orc knight/cursed +0 great sword (14)]
 12574 | Orc:1    | Killed from afar by an orc priest

Illustrated notes

Levels and vault maps discovered:
D:1:      lightli_arrival_windingriver, layout_basic, kennysheep_nondescript
D:2:      minmay_wonky_spiral, layout_basic, first_ration,
          nicolae_qazlal_style_of_elements
D:3:      lemuel_upstairs_altar, layout_basic, uniq_robin
D:4:      layout_cave_pools, serial_shops, shop, uniq_duvessa
D:5:      layout_cave_pools, minmay_temple_entry_enclosed_plants,
          uniq_eustachio, uniq_ijyb
D:6:      layout_loops_ring, grunt_temple_overflow_lords_of_destruction,
          serial_aquarium, aquarium_bridge_straight [aquarium_subvault_bridge,
          aquarium_subvault_wall, aquarium_subvault_bridge,
          aquarium_subvault_window], aquarium_window_1, aquarium_window_double,
          aquarium_window_1, aquarium_view_2a, aquarium_view_2d
D:7:      minmay_razor_zed, layout_loops_corners, lemuel_round_altar,
          ashenzari_conservatory_becter, minitemple, serial_shops,
          nicolae_shop_statue_plus
D:8:      layout_basic
D:9:      layout_rooms, overflow_temple_1_default, uniq_grum
D:10:     layout_rooms, erik_orc_1, serial_shops, kennysheep_little_box,
          nicolae_shop_waterfront, kennysheep_mini
D:11:     layout_loops_ring, grunt_lair_entry_orc_guard_hut, david_nohive_1
Temple:   cyrus_circular_temple
Orc:1:    layout_caves, basic_altar

Skill      XL: |  1  2  3  4  5  6  7  8  9 10 11 |
---------------+----------------------------------+-----
Axes           | 3 4 5 6 7 9 11 14 15 | 15.7
Armour         | 4 5 7 |  7.0
Fighting       | 4 6 8 |  8.8
Dodging        | 2 5 6 |  6.4
Invocations    | 4 7 |  7.4
Shields        | |  3.2

Action                   |  1- 3 |  4- 6 |  7- 9 | 10-12 || total
-------------------------+-------+-------+-------+-------++-------
Melee: War axe           |    89 |   161 |   260 |   104 ||   614
       Hand axe          |       |       |    23 |   119 ||   142
       Battleaxe         |       |       |       |    86 ||    86
Invok: Stomp             |       |       |       |     1 ||     1
       Grand Finale      |       |       |       |     1 ||     1
Evoke: Wand              |       |       |    10 |     5 ||    15
  Use: Scroll            |     5 |     1 |     7 |     9 ||    22
       Potion            |       |     3 |     3 |     3 ||     9
 Stab: Invisible         |       |     4 |       |       ||     4
       Paralysed         |       |       |     6 |    18 ||    24
  Eat: Chunk             |     1 |     7 |    19 |    12 ||    39
       Ration            |       |       |       |     1 ||     1
Armor: Scale mail        |    45 |    94 |   105 |    47 ||   291
       Plate armour      |       |       |       |    80 ||    80
Dodge: Dodged            |    41 |    82 |    92 |   128 ||   343
